 Dungeon Crawl Stone Soup version 0.31.0-11-ge490571c62 (webtiles) character file.

Game seed: 10153280280762355879

940234 browni3141 the Englaciator (level 27, 0/346 HPs)
             Began as a Demonspawn Conjurer on Jan 29, 2024.
             Was the Champion of Vehumet.
             Killed from afar by Gloorx Vloq (2 damage)
             ... with a foul vapour
             ... in Pandemonium.
             The game lasted 04:26:57 (93626 turns).

browni3141 the Englaciator (Demonspawn Conjurer)   Turns: 93626, Time: 04:26:58

Health: 0/346      AC: 34    Str: 12    XL:     27
Magic:  30/53      EV:  2    Int: 37    God:    Vehumet [******]
Gold:   8059       SH: 30    Dex: 18    Spells: 8/60 levels left

rFire   + + .        a - +7 morningstar of Makhleb's Condemnation {venom, rPois Str-3 Int+7}
rCold   x . .        B - +4 tower shield of Cepty {rCorr}
rNeg    + . .        T - melded +4 skin of Zhor {*Englaciate rC+++ SInv}
rPois   +            Z - melded +0 helmet {Int+3}
rElec   .            W - melded +0 cloak {rF+}
rCorr   +            (gloves unavailable)
SInv    .            H - melded +0 pair of boots of the Volcano {Dex+4}
Will    ++++.        U - amulet of magic regeneration
Stlth   +++          i - ring "Miyzxan" {rF+ rN+ MP+9 Str-2 Dex+7}
HPRegen 2.57/turn    R - ring of the Scarab {Fire Will++}
MPRegen 0.73/turn

%: no passive effects
@: brilliant, lethally poisoned (0 -> -11), tree-form, slightly contaminated,
hasted and slowed, studying 2 skills, unable to read
A: stationary, stasis, torment immunity, boosted hp, (thin metallic scales 3),
powered by death 3, (spiny 3), black mark, bedeviling, aura of silence, (demonic
touch 3), clever 1, regeneration 1, (electricity resistance), strong 2,
inability to drink after injury 1, inability to read after injury 1
}: 7/15 runes: decaying, slimy, silver, abyssal, demonic, glowing, gossamer
a: Renounce Religion


You were in Pandemonium.
You worshipped Vehumet.
Vehumet was exalted by your worship.
You were a tree.
You visited 14 branches of the dungeon, and saw 58 of its levels.
You visited Pandemonium 3 times, and saw 11 of its levels.
You visited the Abyss 3 times.
You also visited: Gauntlet, Ice Cave and Volcano.

You collected 10584 gold pieces.
You spent 2525 gold pieces at shops.

Inventory:

Hand Weapons
 a - the +7 morningstar of Makhleb's Condemnation (weapon) {venom, rPois Str-3 Int+7}
   (You found it on level 6 of the Dungeon)

   Str-3:     It affects your strength (-3).
   Int+7:     It affects your intelligence (+7).
   rPois:     It protects you from poison
 k - a +0 quick blade of distortion
 M - a +1 quick blade of distortion
Missiles
 f - 10 throwing nets
 r - 17 javelins
 J - 32 curare-tipped darts
 X - 26 silver javelins
Armour
 B - the +4 tower shield of Cepty (worn) {rCorr}
   (You took it off Mennas in Pandemonium)

   rCorr:     It protects you from acid and corrosion.
 H - the +0 pair of boots of the Volcano (melded) {Dex+4}
   (You found it on level 3 of the Lair of Beasts)

   Dex+4:     It affects your dexterity (+4).
 T - the +4 skin of Zhor (melded) {*Englaciate rC+++ SInv}
   (You took it off a deep elf blademaster on level 3 of the Elven Halls)

   *Englaciate: It radiates cold, occasionally slowing all nearby creatures who
   are not resistant to cold.
   rC+++:     It renders you almost immune to cold.
   SInv:      It lets you see invisible.
 W - a +0 cloak of fire resistance (melded)
 Z - a +0 helmet of intelligence (melded)
Jewellery
 e - the ring of Kuongewk {rF+ EV+5}
   (You found it in a Gauntlet)

   [ring of evasion]

   EV+5:      It affects your evasion (+5).
   rF+:       It protects you from fire.
 i - the ring "Miyzxan" (left branch) {rF+ rN+ MP+9 Str-2 Dex+7}
   (You found it on level 5 of the Lair of Beasts)

   [ring of magical power]

   Str-2:     It affects your strength (-2).
   Dex+7:     It affects your dexterity (+7).
   rF+:       It protects you from fire.
   rN+:       It protects you from negative energy.
   MP+9:      It affects your magic capacity (+9).
 x - the ring of Lumm {rPois rC++ Int+6}
   (You took it off a deep elf blademaster on level 3 of the Elven Halls)

   [ring of intelligence]

   Int+6:     It affects your intelligence (+6).
   rC++:      It greatly protects you from cold.
   rPois:     It protects you from poison
 R - the ring of the Scarab (right branch) {Fire Will++}
   (You bought it in a shop on level 2 of the Dungeon)

   [ring of fire]

   Fire:      It enhances your fire magic.
   rF+:       It protects you from fire.
   rC-:       It makes you vulnerable to cold.
   Will++:    It greatly increases your willpower.
 U - an amulet of magic regeneration (around neck)
Talismans
 G - the death talisman of Delu {rC+ Slay+2}
   (You found it on level 3 of the Crypt)

   [talisman of death]

   Slay+2:    It affects your accuracy & damage with ranged weapons and melee
   (+2).
   rC+:       It protects you from cold.
Wands
 l - a wand of digging (56)
 t - a wand of acid (16)
 O - a wand of roots (59)
 Q - a wand of paralysis (62)
Scrolls
 c - 8 scrolls of vulnerability
 d - 14 scrolls of enchant armour
 p - 14 scrolls of poison
 w - 17 scrolls of teleportation
 y - 5 scrolls of revelation
 E - a scroll of summoning
 F - 11 scrolls of blinking
 L - 7 scrolls of fog
 P - 8 scrolls of fear
 S - 7 scrolls of silence
 V - 11 scrolls of immolation
Potions
 g - 6 potions of lignification
 h - 7 potions of magic
 j - 9 potions of enlightenment
 m - 6 potions of attraction
 o - 5 potions of haste
 s - 6 potions of heal wounds
 u - 18 potions of curing
 v - 3 potions of berserk rage
 C - 14 potions of ambrosia
 D - 6 potions of invisibility
 I - a potion of mutation
 K - a potion of resistance
 N - 2 potions of brilliance
 Y - 2 potions of cancellation
Miscellaneous
 n - a phial of floods (inert)
 q - a phantom mirror (inert)
 z - a box of beasts
 A - a tin of tremorstones (2/2)


   Skills:
 - Level 22.0 Fighting
 - Level 3.0 Short Blades
 - Level 16.0 Maces & Flails
 - Level 16.0 Throwing
 - Level 10.0 Armour
 - Level 18.0 Dodging
 - Level 4.0 Stealth
 O Level 27 Shields
 * Level 17.0 Spellcasting
 - Level 18.0 Conjurations
 - Level 4.0 Translocations
 O Level 27 Ice Magic
 - Level 5.0 Air Magic
 - Level 5.0 Alchemy
 - Level 3.0 Evocations


You had 8 spell levels left.
You knew the following spells:

 Your Spells              Type           Power      Damage    Failure   Level
a - Magic Dart            Conj           100%       1d8       0%          1
b - Searing Ray           Conj           100%       2d8       0%          2
c - Fulminant Prism       Conj/Alch      54%        3d23      1%          4
d - Dazzling Flash        Conj/Hex       100%       N/A       1%          3
e - Iskenderun's Mystic   Conj/Tloc      100%       2d19      1%          4
f - Irradiate             Conj/Alch      54%        3d29      1%          5
g - Blink                 Tloc           100%       N/A       1%          2
h - Freezing Cloud        Conj/Ice/Air   62%        6-21      1%          5
i - Ozocubu's Armour      Ice            100%       N/A       0%          3
j - Orb of Destruction    Conj           64%        9d15      1%          7
k - Polar Vortex          Ice            74%        12d9*     1%          9
l - Ozocubu's Refrigerat  Ice            74%        4d24      0%          7

Your spell library contained the following spells:

 Spells                   Type           Power      Damage    Failure   Level
 Lehudib's Crystal Spear  Conj/Erth      49%        10d12     38%         8
 Chain Lightning          Conj/Air       54%        3d72      90%         9
 Freeze                   Ice            100%       1d10      0%          1
 Sting                    Conj/Alch      100%       1d9       0%          1
 Ensorcelled Hibernation  Hex/Ice        100%       N/A       0%          2
 Momentum Strike          Conj/Tloc      100%       3d10      0%          2
 Frozen Ramparts          Ice            100%       1d16      0%          3
 Hailstorm                Conj/Ice       100%       3d16      0%          3
 Iskenderun's Battlesphe  Conj           100%       2d15      0%          5
 Apportation              Tloc           100%       N/A       1%          1
 Foxfire                  Conj/Fire      100%       2x1d9     1%          1
 Kiss of Death            Conj/Necr      100%       2d13      1%          1
 Necrotise                Necr           100%       1d9       1%          1
 Summon Small Mammal      Summ           100%       N/A       1%          1
 Call Imp                 Summ           94%        N/A       1%          2
 Cigotuvi's Dreadful Rot  Necr/Alch/Air  100%       N/A       1%          2
 Jinxbite                 Hex            100%       N/A       1%          2
 Lesser Beckoning         Tloc           100%       N/A       1%          2
 Mercury Vapours          Alch/Air       100%       N/A       1%          2
 Sublimation of Blood     Necr           47%        N/A       1%          2
 Gell's Gravitas          Tloc           75%        N/A       1%          3
 Inner Flame              Hex/Fire       82%        N/A       1%          3
 Mephitic Cloud           Conj/Alch/Air  100%       N/A       1%          3
 Teleport Other           Tloc           75%        N/A       1%          3
 Volatile Blastmotes      Fire/Tloc      100%       2d18      1%          3
 Airstrike                Air            40%        2d(6-22)  1%          4
 Brom's Barrelling Bould  Conj/Erth      98%        2d11      1%          4
 Flame Wave               Conj/Fire      100%       2d21      1%          4
 Ignite Poison            Fire/Alch      85%        N/A       1%          4
 Manifold Assault         Tloc           75%        N/A       1%          4
 Passage of Golubria      Tloc           75%        N/A       1%          4
 Sticky Flame             Fire/Alch      85%        2d13      1%          4
 Vhi's Electric Charge    Tloc/Air       100%       N/A       1%          4
 Arcjolt                  Conj/Air       54%        1d64      1%          5
 Fireball                 Conj/Fire      60%        3d23      1%          5
 Metabolic Englaciation   Hex/Ice        69%        N/A       1%          5
 Conjure Ball Lightning   Conj/Air       54%        3x3d20    1%          6
 Sculpt Simulacrum        Ice/Alch       61%        N/A       1%          6
 Starburst                Conj/Fire      60%        6d16      1%          6
 Call Canine Familiar     Summ           47%        N/A       3%          3
 Confusing Touch          Hex            63%        N/A       3%          3
 Fugue of the Fallen      Necr           47%        N/A       3%          3
 Sigil of Binding         Hex            63%        N/A       3%          3
 Tukima's Dance           Hex            63%        N/A       3%          3
 Leda's Liquefaction      Alch/Erth      33%        N/A       3%          4
 Petrify                  Alch/Erth      66%        N/A       3%          4
 Summon Lightning Spire   Summ/Air       66%        N/A       3%          4
 Yara's Violent Unravell  Hex/Alch       42%        3d17      3%          5
 Dimensional Bullseye     Hex/Tloc       40%        N/A       4%          4
 Lee's Rapid Deconstruct  Erth           23%        3d13*     8%          5
 Anguish                  Hex/Necr       31%        N/A       11%         4
 Animate Armour           Summ/Erth      94%        N/A       11%         4
 Animate Dead             Necr           47%        N/A       11%         4
 Cause Fear               Hex            31%        N/A       11%         4
 Dispel Undead            Necr           47%        3d18      11%         4
 Martyr's Knell           Necr/Summ      47%        N/A       11%         4
 Summon Blazeheart Golem  Fire/Summ      63%        N/A       11%         4
 Summon Forest            Summ/Tloc      31%        N/A       13%         5
 Plasma Beam              Fire/Air       42%        2x1d56    16%         6
 Borgnjor's Vile Clutch   Necr/Erth      23%        N/A       28%         5
 Summon Mana Viper        Hex/Summ       63%        N/A       28%         5
 Death Channel            Necr           23%        N/A       85%         6
 Summon Cactus Giant      Summ           23%        N/A       85%         6
 Maxwell's Capacitive Co  Air            40%        ∞         88%         8
 Malign Gateway           Summ/Tloc      31%        N/A       98%         7
 Enfeeble                 Hex            31%        N/A       100%        7
 Haunt                    Necr/Summ      23%        N/A       100%        7
 Summon Hydra             Summ           23%        N/A       100%        7
 Ignition                 Fire           31%        3d10      100%        8
 Infestation              Necr           23%        N/A       100%        8
 Summon Horrible Things   Summ           23%        N/A       100%        8


Dungeon Overview and Level Annotations

Branches:
Dungeon (15/15)            Temple (1/1) D:5            Lair (5/5) D:9
  Swamp (4/4) Lair:2       Spider (4/4) Lair:3        Slime (5/5) Lair:4
    Orc (2/2) D:9             Elf (3/3) Orc:2        Vaults (5/5) D:14
  Crypt (3/3) Vaults:3       Tomb (1/3) Crypt:3      Depths (4/4) D:15
   Hell (visited)             Dis (0/7) Hell            Geh (0/7) Hell
    Coc (0/7) Hell            Tar (0/7) Hell            Zot (5/5) Depths:4
  IceCv (visited)         Volcano (visited)         Gauntlet (visited)

Altars:
Ashenzari
Cheibriados
Dithmenos
Fedhas
Gozag
Hepliaklqana
Kikubaaqudgha
Makhleb
Nemelex Xobeh
Okawaru
Qazlal
Ru
Sif Muna
Trog
Uskayaw
Vehumet
Wu Jian
Xom
Yredelemnul
Jiyva

Shops:
D:2 =   D:8 *   D:14 (   Orc:2 (*:[   Vaults:2 (   Vaults:3 =   Vaults:4 :
Depths:3 ==:

Portals:
Hell: Depths:1 Depths:2 Depths:3 Depths:4
Abyss: Depths:3 Depths:4
Pandemonium: Depths:2 Depths:3
Ziggurat: Depths:4

Annotations:
D:14 Jorgrun
Vaults:2 3 runed translucent doors, Anosyof's ghost, adept CeHu
Depths:2 1 transporter
Zot:3 2 transporters
Zot:4 2 transporters, Beclu's ghost, legendary GnSk
Pan exclusion: 3 doors, Gloorx Vloq


Innate Abilities, Weirdness & Mutations

You are a tree.
Your roots penetrate the ground, keeping you stationary.
You cannot be teleported.
You are immune to unholy pain and torment.
Your maximum health is greatly increased.
Your equipment is partially melded.
((You are completely covered in thin metallic scales. (AC +4, rElec)))
You regenerate a lot of health from kills.
((You are completely covered in sharp spines.))
Your melee attacks may debilitate your foes.
Your hexes are more powerful.
You are surrounded by an aura of silence.
((Your touch may irresistibly damage your foes and sap their willpower.))
Your mind is acute. (Int +4, Str/Dex -1)
Your natural rate of healing is unusually fast.
((You are resistant to electric shocks. (rElec)))
Your muscles are very strong. (Str +8, Int/Dex -2)
You occasionally lose the ability to drink potions when taking damage.
You occasionally lose the ability to read scrolls when taking damage.


Message History

The roots release their grip on the Executioner.
Gloorx Vloq shimmers and vanishes!
The Executioner struggles to escape constriction.
You block the Executioner's attack.
The Executioner hits you but does no damage.
You block the Executioner's attack. x3; The Executioner hits you.
Gloorx Vloq hits you but does no damage.
Gloorx Vloq gestures at you. The poison arrow hits you!
You are more poisoned.
You partially resist.
The Executioner hits you but does no damage. x3
Aiming: Corrosive Bolt
Press: ? - help, Shift-Dir - straight line, f/p - Gloorx Vloq
Aim: Gloorx Vloq (silenced, severely wounded, unaffected by silence, misshapen and mutated, covered in acid, constricted by roots, 100% to hit)
The bolt of acid hits Gloorx Vloq!
Gloorx Vloq seems to be corroded for longer.
Gloorx Vloq is severely wounded.
You are engulfed in dark miasma.
You feel as though you will be slow longer.
The grasping roots constrict Gloorx Vloq!
The grasping roots constrict the Executioner.
You feel extremely sick.
The roots release their grip on the Executioner.
You block the Executioner's attack. x4
The Executioner hits you but does no damage. x2
Gloorx Vloq barely misses you.
The hellephant skeleton tramples you but does no damage.
The hellephant skeleton bites you but does no damage.
The hellephant skeleton gores you but does no damage.
The Executioner hits you!
The Executioner hits you but does no damage. x2
Gloorx Vloq gestures at you. The poison arrow hits you.
You are more poisoned.
You partially resist.
You hear a hideous shriek!
Aiming: Corrosive Bolt
Press: ? - help, Shift-Dir - straight line, f/p - Gloorx Vloq
Aim: Gloorx Vloq (silenced, almost dead, unaffected by silence, misshapen and mutated, covered in acid, constricted by roots, 100% to hit)
The bolt of acid hits Gloorx Vloq!
Gloorx Vloq seems to be corroded for longer.
Gloorx Vloq is almost dead.
You are engulfed in dark miasma.
The grasping roots constrict Gloorx Vloq!
You feel extremely sick.
The roots release their grip on Gloorx Vloq.
You block the Executioner's attack.
The Executioner hits you but does no damage.
You block the Executioner's attack. You block Gloorx Vloq's attack.
You block the Executioner's attack.
The Executioner hits you but does no damage. x2
The hellephant skeleton tramples you.
The hellephant skeleton bites you but does no damage.
The hellephant skeleton gores you but does no damage.
The Executioner hits you.
You feel threatened and lose the ability to read scrolls!
The Executioner hits you but does no damage. x2
Gloorx Vloq hits you!
Unknown command.
Aiming: Fastroot
Press: ? - help, Shift-Dir - straight line, f/p - Gloorx Vloq
Aim: Gloorx Vloq (silenced, almost dead, unaffected by silence, misshapen and mutated, covered in acid)
The roots erupt in riotous growth!
Roots grab Gloorx Vloq.
Roots grab the Executioner. x2
The grasping roots constrict Gloorx Vloq.
The grasping roots constrict the Executioner. x2
You feel extremely sick.
The Executioner hits you but does no damage.
You block the Executioner's attack. x4
The Executioner hits you but does no damage.
Gloorx Vloq hits you!!
The hellephant skeleton tramples you but does no damage.
The hellephant skeleton bites you but does no damage.
The hellephant skeleton gores you.
The Executioner hits you but does no damage. x3
Gloorx Vloq gestures at you. The foul vapour engulfs you!
Aiming: Corrosive Bolt
Press: ? - help, Shift-Dir - straight line, f/p - Gloorx Vloq
Aim: Gloorx Vloq (foul pestilence, silenced, almost dead, unaffected by silence, misshapen and mutated, covered in acid, constricted by roots, 100% to hit)
The bolt of acid hits Gloorx Vloq!
Gloorx Vloq seems to be corroded for longer.
Gloorx Vloq is almost dead.
You are engulfed in dark miasma.
You feel as though you will be slow longer.
The grasping roots constrict Gloorx Vloq.
The grasping roots constrict the Executioner. x2
You feel extremely sick.
The roots release their grip on the Executioner.
You block the Executioner's attack. x3
Gloorx Vloq gestures at you. You block the poison arrow.
The Executioner completely misses you.
The Executioner hits you but does no damage. x2
The hellephant skeleton tramples you!
The hellephant skeleton bites you but does no damage.
The hellephant skeleton gores you but does no damage.
Gloorx Vloq gestures at you. The foul vapour engulfs you.
You die...

# # #...# #
..####################'''####...#
..#..#...#...#.○○#...#...#..#..)#
..#..#.......#○1♣Z○..#......#...#
..#..#.....# ##&####.#......#...#
..#..#.....#.#○1 ..#)#......#...#
..#........#.... ..#........#...#
..+1.......#...# ..#........'...#
..+1.1).~..#..# #..#........'...#
..'.......&#..##...#........'...#
..#.......~#.......#........#...#
..#).....#°#.....# #.....#..#...#


You could see Gloorx Vloq (unsilenced, misshapen, corroded, rooted), 2
Executioners and a hellephant skeleton.

Vanquished Creatures
  the Royal Jelly (Slime:5)
  Mnoleg (Pan)
  6 dread liches
  Mara (Vaults:4)
  2 ancient liches
  6 orbs of fire (Zot:5)
  Mennas (Pan)
  2 juggernauts
  9 pandemonium lords (Pan)
  3 Killer Klowns
  the Lernaean hydra (Swamp:4)
  Bai Suzhen (Swamp:3)
  4 curse toes (Zot:2)
  Jory (Vaults:3)
  Geryon (Hell)
  3 profane servitors
  12 golden dragons
  Arachne (Spider:4)
  7 bone dragons
  3 Tzitzimimeh
  9 Brimstone Fiends (Pan)
  2 doom hounds (Zot:2)
  5 electric golems
  An Ice Fiend (Pan)
  The ghost of Xavori the Spry, an adept DjCK of Xom (Swamp:2)
  15 tentacled monstrosities
  5 Hell Sentinels
  2 hellephants
  25 Orb Guardians (Zot:5)
  3 liches
  Grunn (Zot:2)
  7 quicksilver dragons
  3 deep elf master archers (Elf:3)
  5 deep elf blademasters
  5 titans (Vaults:5)
  4 searing wretches (Hell)
  A walking frostbound tome (Depths:3)
  15 death cobs
  13 acid blobs
  Murray (Hell)
  10 sphinxes
  11 tentacled starspawn
  7 ancient champions
  Agnes (Elf:2)
  26 Executioners
  Roxanne (Swamp:2)
  3 thorn hunters
  12 protean progenitors
  11 shadow dragons
  13 draconian monks
  17 storm dragons
  5 revenants
  5 emperor scorpions
  9 azure jellies
  7 rockslimes
  5 tengu reavers
  7 fire giants
  9 demonspawn warmongers (Pan)
  10 frost giants
  8 draconian scorchers
  9 draconian knights
  13 draconian shifters
  7 ghost moths
  3 iron dragons (Vaults:5)
  11 ghouls
  3 deep elf elementalists (Elf:3)
  22 vault wardens
  10 deep elf sorcerers
  11 balrugs (Pan)
  12 demonspawn corrupters (Pan)
  5 curse skulls
  A juggernaut zombie (Crypt:3)
  A spriggan defender (Depths:4)
  3 juggernaut skeletons (Pan)
  36 cacodemons
  16 reapers
  2 angels
  10 draconian annihilators
  5 broodmothers
  5 orc warlords
  8 formless jellyfish
  14 draconian stormcallers
  9 demonspawn blood saints (Pan)
  13 quicksilver oozes
  43 very ugly things
  16 stone giants
  4 caustic shrike skeletons (Pan)
  22 ironbound preservers
  6 deep elf demonologists
  5 ironbound thunderhulks
  13 green draconians
  2 deep elf death magi
  2 vampire knights (Crypt:2)
  15 black draconians
  6 eleionomae
  20 dire elephants
  A minotaur (Gauntlet)
  11 purple draconians
  8 deep elf annihilators
  Azrael (Spider:2)
  4 bunyips
  7 lorocyprocas
  14 white draconians
  6 demonspawn black suns (Pan)
  3 spark wasps
  The ghost of PaiMei the Lord of Darkness, a journeyman DsNe of Kikubaaqudgha (Lair:3)
  17 yellow draconians
  14 red draconians
  3 war gargoyles
  Snorg (D:13)
  6 green deaths (Pan)
  11 eidola
  5 mummy priests
  7 ettins
  2 crystal guardians
  9 fire dragons
  6 deep elf high priests
  16 blizzard demons
  A merfolk impaler (Depths:4)
  21 jiangshi
  27 yaktaur captains
  A quicksilver dragon zombie (Crypt:2)
  Erolcha (D:12)
  7 entropy weavers
  4 hell beasts
  A spriggan skeleton (Crypt:2)
  6 rakshasas
  3 catoblepae
  21 hydras
  16 great orbs of eyes
  3 peacekeepers
  2 ghost crabs (Swamp:3)
  5 spriggan air magi
  36 vault guards
  A fenstrider witch skeleton (Crypt:2)
  7 radroaches
  10 two-headed ogres
  2 stokers (Hell)
  2 jorogumos (Zot:1)
  An anaconda (Zot:2)
  5 ice dragons
  4 ogre magi
  30 dancing weapons
  15 centaur warriors
  5 death knights
  10 alligators
  20 death yaks
  12 ironbound frosthearts
  10 death scarabs (Tomb:1)
  A tengu warrior (D:13)
  6 boulder beetles
  9 deep troll shamans
  An azure jelly zombie (Crypt:1)
  9 deep troll earth magi
  5 hell hogs
  5 vampire magi
  27 thrashing horrors
  A titan zombie (Crypt:3)
  2 orc high priests
  46 sun demons
  25 demonic crawlers
  A spriggan berserker (Depths:4)
  3 occultists
  A shock serpent (shapeshifter) (Vaults:5)
  43 soul eaters
  20 deep elf knights
  7 hell knights
  11 iron trolls
  A skyshark (shapeshifter) (Vaults:5)
  18 wretched stars
  24 sixfirhies
  2 skysharks
  31 skeletal warriors
  4 hellephant skeletons (Pan)
  5 pharaoh ants
  The ghost of OlivierBoivin the Cruncher, a novice GnWn (D:6)
  A glowing orange brain (shapeshifter) (Vaults:5)
  2 shadow wraiths
  4 spatial maelstroms
  A bunyip zombie (Crypt:3)
  A ghost moth zombie (Zot:2)
  5 goliath frogs
  An anaconda zombie (Crypt:2)
  2 death drakes (Zot:2)
  76 deep trolls
  6 glowing orange brains
  An iron giant zombie (Crypt:3)
  3 sun moths
  8 spriggan druids
  22 shadow demons
  5 flayed ghosts
  10 orb spiders
  A sun moth (shapeshifter) (Vaults:5)
  5 arcanists
  11 swamp dragons
  3 mana vipers (shapeshifter)
  10 necromancers
  2 spectral wolf spiders (Spider:3)
  2 orange crystal statues (Abyss:4)
  13 bog bodies
  24 deep elf zephyrmancers
  23 phantasmal warriors
  9 deep elf archers
  60 large abominations
  9 wolf spider zombies (Spider:3)
  27 deep elf pyromancers
  23 ironbound convokers
  A steelbarb worm (shapeshifter) (Vaults:5)
  10 lindwurms
  15 orc knights
  An alligator zombie (Crypt:1)
  3 harpies (Vaults:1)
  2 orc sorcerers
  6 steelbarb worms
  39 wolf spiders
  35 starcursed masses
  4 will-o-the-wisps
  A draconian zombie (Crypt:3)
  An iron dragon zombie (Crypt:3)
  8 cyclopes
  8 worldbinders
  5 shining eyes
  49 ugly things
  2 manticores
  A faun (shapeshifter) (Vaults:5)
  2 dire elephant zombies (Crypt:3)
  An ice statue (IceCv)
  35 moths of wrath
  6 kobold blastminers (Orc:2)
  5 rust devils
  7 meliai
  A moth of wrath (shapeshifter) (Depths:4)
  7 black mambas
  3 apocalypse crabs (Abyss:3)
  19 vault sentinels
  2 human skeletons
  2 stone giant skeletons
  A frost giant skeleton (Vaults:2)
  6 elephants
  A naga zombie (Tomb:1)
  2 eyes of devastation
  3 molten gargoyles
  35 smoke demons
  A guardian serpent (shapeshifter) (Vaults:5)
  Maggie (D:6)
  A cane toad (shapeshifter) (D:13)
  5 cane toads
  2 centaur skeletons (Crypt:2)
  3 gargoyles
  4 torpor snails
  9 hellions (Pan)
  8 rime drakes
  Jeremiah (D:6)
  29 orange demons
  5 unseen horrors
  11 freezing wraiths
  A steelbarb worm zombie (Crypt:1)
  2 sea snake zombies (Hell)
  3 kobold demonologists
  17 tormentors
  A white draconian skeleton (Crypt:1)
  7 komodo dragons
  An efreet (D:14)
  47 yaktaurs
  8 ancient zymes
  A grey draconian skeleton (Crypt:2)
  7 guardian mummies
  A tengu conjurer (D:13)
  An ice devil (Pan)
  2 sea snake skeletons (Hell)
  6 hydra zombies
  5 red devils (Pan)
  9 trolls
  12 polar bears
  4 harpy zombies
  10 hellwings (Pan)
  31 tarantellas
  4 wolf spider simulacra (Spider:3)
  2 harpy skeletons
  A death drake skeleton (Crypt:1)
  A moth of wrath zombie (Crypt:2)
  2 glass eyes
  8 tyrant leeches
  2 deep troll zombies
  2 ettin zombies
  10 hornets
  A stone giant simulacrum (Vaults:2)
  21 blink frogs
  11 raiju (Abyss:3)
  7 dream sheep (Lair:5)
  A jumping spider (shapeshifter) (D:15)
  A snapping turtle (shapeshifter) (Vaults:5)
  104 slime creatures
  3 air elementals
  A spriggan (shapeshifter) (Elf:2)
  35 jumping spiders
  23 culicivoras
  6 wyverns
  A centaur simulacrum (D:15)
  2 yaks (shapeshifter)
  12 spriggans
  5 water elementals
  14 wraiths
  A shadow (Crypt:3)
  3 vampires
  59 ynoxinuls
  62 yaks
  7 ushabtiu
  5 fire elementals
  20 neqoxecs
  2 wargs
  18 golden eyes
  78 redbacks
  2 fire bats (Volcano)
  A human (shapeshifter) (D:13)
  7 basilisks
  A redback (shapeshifter) (Elf:2)
  14 vampire mosquitoes
  12 spatial vortices
  2 harpy simulacra
  A sea snake simulacrum (Hell)
  30 chaos spawn
  An ogre zombie (Vaults:2)
  10 water moccasins
  15 swamp worms
  5 hell hounds
  Duvessa (D:5)
  3 acid dragons
  A demonspawn zombie (Crypt:2)
  13 swamp drakes
  A merfolk skeleton (Crypt:2)
  4 ice beasts
  A sky beast (D:7)
  A sky beast (shapeshifter) (D:14)
  28 orc warriors
  27 laughing skulls
  A swamp dragon zombie (Crypt:1)
  4 black bears
  3 boggarts (D:15)
  14 ogres
  14 small abominations
  41 wolves
  11 centaurs
  3 phantoms (Crypt:3)
  A weeping skull (Abyss:3)
  11 brain worms
  14 necrophages
  15 kobold brigands
  9 bullfrogs
  A salamander zombie (Crypt:2)
  3 earth elementals
  5 scorpions
  An elf skeleton (Crypt:1)
  9 wyvern skeletons (Crypt:3)
  A water moccasin zombie (Crypt:2)
  8 wights
  12 killer bees
  Dowan (D:5)
  3 howler monkeys (D:9)
  A raiju skeleton (Crypt:2)
  An electric eel (Lair:5)
  A bombardier beetle (D:4)
  13 lava snakes
  A hound (D:6)
  2 jellies
  3 quasits
  A human zombie (Crypt:1)
  9 orc priests
  3 gnoll boudas
  An iron imp (Abyss:4)
  A sleepcap (D:6)
  6 iguanas
  31 orc wizards
  11 mummies
  16 gnolls
  8 adders
  A swamp drake skeleton (Crypt:2)
  A shadow imp (D:7)
  3 white imps
  7 ufetubi
  2 adder skeletons (Crypt:2)
  4 ribbon worms
  2 dart slugs
  66 orcs
  9 ball pythons
  4 endoplasms
  5 giant cockroaches
  14 goblins
  11 hobgoblins
  9 jackals
  7 quokkas
  7 bats
  A frilled lizard (D:3)
  A giant cockroach zombie (Crypt:1)
  42 kobolds
  An orc zombie (Crypt:1)
  6 rats
  13 aspiring fleshes
  A butterfly (D:5)
  2 fulminant prisms (Slime:2)
  2 lurking horrors (Abyss:3)
  18 starspawn tentacles
3704 creatures vanquished.

Vanquished Creatures (collateral kills)
  A goliath frog (Lair:2)
1 creature vanquished.

Vanquished Creatures (others)
  A vault warden (Vaults:5)
  A yaktaur captain (Vaults:4)
  2 great orbs of eyes (Vaults:4)
  A tengu warrior (D:13)
  A death yak (Lair:5)
  A mana viper (Zot:1)
  A deep elf zephyrmancer (Elf:3)
  4 bloated husks (Swamp:2)
  A tyrant leech (Swamp:1)
  A spatial vortex (Abyss:3)
  18 foxfires
  191 fulminant prisms
  9 starspawn tentacles
232 creatures vanquished.

Grand Total: 3937 creatures vanquished

Notes
Turn   | Place    | Note
-------+----------+-------------------------------------------
     0 | D:1      | browni3141 the Demonspawn Conjurer began the quest for the
                  | Orb.
     0 | D:1      | Reached XP level 1. HP: 13/13 MP: 3/3
    39 | D:1      | Found a faded altar of an unknown god.
   253 | D:1      | Gained mutation: Your touch may inflict minor irresistible
                  | damage on your foes. [demonic ancestry]
   253 | D:1      | Reached XP level 2. HP: 19/19 MP: 3/5
  1011 | D:1      | Reached XP level 3. HP: 24/24 MP: 4/6
  1340 | D:2      | Learned a level 2 spell: Searing Ray
  1466 | D:2      | Found Moatumni's Jewellery Shop.
  2178 | D:2      | Reached XP level 4. HP: 30/30 MP: 3/7
  3054 | D:3      | Gained mutation: You regenerate a little health from kills.
                  | [demonic ancestry]
  3054 | D:3      | Reached XP level 5. HP: 26/35 MP: 4/9
  3379 | D:3      | Learned a level 4 spell: Fulminant Prism
  3432 | D:3      | Reached skill level 1 in Fighting
  3435 | D:3      | Reached skill level 1 in Alchemy
  3500 | D:3      | Found a hide-covered altar of Uskayaw.
  3660 | D:3      | Found a sacrificial altar of Ru.
  3785 | D:3      | Found a burning altar of Makhleb.
  4179 | D:4      | Gained mutation: You are partially covered in thin metallic
                  | scales. (AC +2) [demonic ancestry]
  4179 | D:4      | Reached XP level 6. HP: 34/43 MP: 0/10
  4802 | D:4      | Reached skill level 1 in Short Blades
  4902 | D:4      | Reached XP level 7. HP: 48/48 MP: 10/12
  5321 | D:5      | Entered Level 5 of the Dungeon
  5577 | D:4      | Reached skill level 5 in Conjurations
  5684 | D:5      | Noticed Duvessa
  5684 | D:5      | Noticed Dowan
  5753 | D:5      | Found a staircase to the Ecumenical Temple.
  5767 | Temple   | Entered the Ecumenical Temple
  5776 | Temple   | Became a worshipper of Vehumet
  6245 | D:5      | Reached XP level 8. HP: 56/56 MP: 8/14
  6644 | D:6      | Identified the +7 morningstar of Makhleb's Condemnation
                  | {venom, rPois Str-3 Int+7}
  6694 | D:6      | Reached skill level 1 in Maces & Flails
  6858 | D:6      | Found a runed translucent door.
  6875 | D:6      | Found a broken altar of Ashenzari.
  6887 | D:6      | Noticed Maggie
  6898 | D:6      | Noticed Jeremiah
  6912 | D:6      | Noticed OlivierBoivin's ghost (novice GnWn)
  6987 | D:6      | Found a shimmering blue altar of Sif Muna.
  6987 | D:6      | Found a shimmering altar of Xom.
  7347 | D:6      | Reached * piety under Vehumet
  7347 | D:6      | Offered knowledge of Foxfire by Vehumet.
  7549 | D:6      | Killed Maggie
  7700 | D:6      | Killed Jeremiah
  7701 | D:6      | Gained mutation: Your touch may inflict irresistible damage
                  | on your foes. [demonic ancestry]
  7701 | D:6      | Reached XP level 9. HP: 42/61 MP: 4/15
  8166 | Abyss:1  | Cast into level 1 of the Abyss (orc)
  8192 | D:6      | Escaped the Abyss
  8338 | D:6      | Reached skill level 5 in Maces & Flails
  8338 | D:6      | Reached skill level 1 in Armour
  8605 | D:7      | Identified the staff of Eris Fea {rN+ Will++ Dex-2 Conj}
  8655 | D:7      | Found an ancient bone altar of Kikubaaqudgha.
  8773 | D:7      | Offered knowledge of Freeze by Vehumet.
  8779 | D:7      | Reached ** piety under Vehumet
  9212 | D:8      | Found Vuitz's Demolitions Depot.
  9496 | D:8      | Gained mutation: You are partially covered in sharp spines.
                  | [demonic ancestry]
  9496 | D:8      | Reached XP level 10. HP: 50/67 MP: 3/16
  9583 | D:8      | Noticed a two-headed ogre
  9610 | D:8      | Killed a two-headed ogre
  9611 | D:8      | Reached skill level 5 in Fighting
 10574 | D:9      | Noticed a rakshasa
 10622 | D:9      | Noticed a two-headed ogre
 10645 | D:9      | Killed a two-headed ogre
 10645 | D:9      | Offered knowledge of Static Discharge by Vehumet.
 10713 | D:9      | Identified the +1 robe of the Wasteland {rElec rN+}
 10779 | D:9      | Found an opulent altar of Gozag.
 10899 | D:9      | Reached skill level 10 in Conjurations
 10976 | D:9      | Reached *** piety under Vehumet
 10993 | D:9      | Found a staircase to the Lair.
 11288 | D:9      | Found a staircase to the Orcish Mines.
 11388 | D:9      | Noticed an orange demon
 11391 | D:9      | Offered knowledge of Dazzling Flash by Vehumet.
 11442 | D:9      | Learned a level 3 spell: Dazzling Flash
 11447 | D:9      | Learned a level 4 spell: Iskenderun's Mystic Blast
 11767 | Lair:1   | Entered Level 1 of the Lair of Beasts
 11804 | Lair:1   | Gained mutation: You are mostly covered in sharp spines.
                  | [demonic ancestry]
 11804 | Lair:1   | Reached XP level 11. HP: 69/79 MP: 17/17
 11850 | Lair:1   | Reached **** piety under Vehumet
 12130 | Lair:1   | Noticed a boulder beetle
 12138 | Lair:1   | Killed a boulder beetle
 12139 | Lair:1   | Reached skill level 10 in Maces & Flails
 12362 | Lair:1   | Noticed a death yak
 12368 | Lair:1   | Noticed a death yak
 12371 | Lair:1   | Noticed a death yak
 12380 | Lair:1   | Killed a death yak
 12381 | Lair:1   | Reached skill level 1 in Throwing
 12391 | Lair:1   | Killed a death yak
 12393 | Lair:1   | Killed a death yak
 12691 | Lair:2   | Noticed a catoblepas
 12702 | Lair:2   | Killed a catoblepas
 13128 | Lair:2   | Noticed a goliath frog
 13147 | Lair:2   | Offered knowledge of Sticky Flame by Vehumet.
 13206 | Lair:2   | Killed a goliath frog
 14060 | Lair:2   | Found a staircase to the Swamp.
 14162 | Lair:3   | Gained mutation: Your touch may irresistibly damage your
                  | foes and sap their willpower. [demonic ancestry]
 14162 | Lair:3   | Reached XP level 12. HP: 43/86 MP: 18/18
 14240 | Lair:3   | Found a gate leading to a gauntlet.
 14309 | Gauntlet | Entered a Gauntlet
 14309 | Gauntlet | Found a transporter.
 14309 | Gauntlet | Found a runed translucent door.
 14316 | Gauntlet | Found a runed translucent door.
 14318 | Gauntlet | Found a transporter.
 14321 | Gauntlet | Found a transporter.
 14322 | Gauntlet | Found a transporter.
 14333 | Gauntlet | Found a transporter.
 14333 | Gauntlet | Found a transporter.
 14334 | Gauntlet | Found a transporter.
 14341 | Gauntlet | Noticed an entropy weaver
 14344 | Gauntlet | Found a transporter.
 14346 | Gauntlet | Found a transporter.
 14347 | Gauntlet | Found a transporter.
 14355 | Gauntlet | Found a transporter.
 14359 | Gauntlet | Found a transporter.
 14360 | Gauntlet | Found a transporter.
 14368 | Gauntlet | Found a transporter.
 14465 | Gauntlet | Identified the ring of Kuongewk {rF+ EV+5}
 14482 | Gauntlet | Identified the +4 leather armour "Nuzituis" {-Cast rF+
                  | Will- Dex+7 SInv}
 14482 | Gauntlet | Noticed a minotaur
 14499 | Gauntlet | Killed a minotaur
 14732 | Lair:3   | Found a runed translucent gate.
 14732 | Lair:3   | Found a runed translucent gate.
 14732 | Lair:3   | Found a runed translucent gate.
 14732 | Lair:3   | Noticed PaiMei's ghost (journeyman DsNe)
 14887 | Lair:3   | Noticed a death yak
 14887 | Lair:3   | Noticed a death yak
 14888 | Lair:3   | Noticed a death yak
 14889 | Lair:3   | Noticed a death yak
 14899 | Lair:3   | Killed a death yak
 14901 | Lair:3   | Killed a death yak
 14904 | Lair:3   | Killed a death yak
 14904 | Lair:3   | Reached ***** piety under Vehumet
 14904 | Lair:3   | Offered knowledge of Irradiate by Vehumet.
 14911 | Lair:3   | Learned a level 5 spell: Irradiate
 14912 | Lair:3   | Killed a death yak
 14920 | Lair:3   | Identified the +9 plate armour of Hitiunin {Rampage Regen+
                  | Int-3 Dex+6}
 15053 | Lair:3   | Found a hole to the Spider Nest.
 15173 | Lair:3   | Identified the +0 pair of boots of the Volcano {Dex+4}
 15799 | Lair:4   | Found a staircase to the Slime Pits.
 15799 | Lair:4   | Found a viscous altar of Jiyva.
 15863 | Lair:4   | Reached skill level 5 in Spellcasting
 15893 | Lair:4   | Gained mutation: You are mostly covered in thin metallic
                  | scales. (AC +3) [demonic ancestry]
 15893 | Lair:4   | Reached XP level 13. HP: 79/91 MP: 21/21
 15968 | Lair:4   | Reached skill level 15 in Maces & Flails
 16077 | Lair:4   | Reached skill level 5 in Dodging
 16561 | Lair:5   | Entered Level 5 of the Lair of Beasts
 16736 | Lair:5   | Found a dark tunnel.
 16778 | Volcano  | Entered a volcano
 17143 | Volcano  | Found a bloodstained altar of Trog.
 17157 | Volcano  | Noticed a red draconian
 17160 | Volcano  | Killed a red draconian
 18058 | Lair:5   | Offered knowledge of Ignite Poison by Vehumet.
 18061 | Lair:5   | Reached XP level 14. HP: 64/98 MP: 26/26
 19106 | Lair:5   | Identified the ring "Miyzxan" {rF+ rN+ MP+9 Str-2 Dex+7}
 19333 | Orc:1    | Entered Level 1 of the Orcish Mines
 19933 | Orc:2    | Entered Level 2 of the Orcish Mines
 19948 | Orc:2    | Noticed an orc warlord
 20049 | D:10     | Entered Level 10 of the Dungeon
 20226 | D:10     | Reached skill level 5 in Armour
 20316 | D:10     | Found a stormy altar of Qazlal.
 20615 | D:10     | Found a blossoming altar of Fedhas.
 21041 | D:11     | Found a frozen archway.
 21073 | IceCv    | Entered an ice cave
 21423 | IceCv    | Noticed a frost giant
 21437 | IceCv    | Killed a frost giant
 21644 | IceCv    | Reached ****** piety under Vehumet
 22091 | D:11     | Offered knowledge of Freezing Cloud by Vehumet.
 22105 | D:11     | Learned a level 2 spell: Blink
 22111 | D:11     | Learned a level 5 spell: Freezing Cloud
 22429 | D:11     | Reached skill level 1 in Ice Magic
 22505 | D:11     | Reached skill level 1 in Translocations
 23171 | D:12     | You are sucked into a shaft and drop 2 floors!
 23470 | D:13     | Noticed Snorg
 23480 | D:13     | Killed Snorg
 23758 | D:13     | Reached skill level 10 in Fighting
 23780 | D:13     | Gained mutation: You are completely covered in sharp
                  | spines. [demonic ancestry]
 23780 | D:13     | Reached XP level 15. HP: 87/115 MP: 27/27
 24098 | D:13     | Reached skill level 5 in Ice Magic
 24306 | D:12     | Noticed Erolcha
 24315 | D:12     | Killed Erolcha
 24691 | D:12     | Found a shimmering altar of Xom.
 24939 | D:12     | Learned a level 3 spell: Ozocubu's Armour
 25086 | D:14     | Noticed Jorgrun
 25333 | D:14     | Found Ylexu's Antique Weapon Shop.
 25344 | D:14     | Reached skill level 1 in Shields
 25688 | D:14     | Found a gate to the Vaults.
 26443 | D:15     | Entered Level 15 of the Dungeon
 26495 | D:15     | Found a sparkling altar of Nemelex Xobeh.
 27606 | D:15     | Reached skill level 10 in Ice Magic
 27765 | D:15     | Found a staircase to the Depths.
 27777 | D:15     | Reached skill level 5 in Shields
 28377 | Spider:1 | Entered Level 1 of the Spider Nest
 28640 | Spider:1 | Identified the +2 trident "Tuleapo" {venom, Dex+3}
 28948 | Spider:1 | Offered knowledge of Spellforged Servitor by Vehumet.
 30168 | Spider:2 | Reached skill level 1 in Air Magic
 30186 | Spider:2 | Noticed an emperor scorpion
 30317 | Spider:2 | Noticed Azrael
 30327 | Spider:2 | Killed Azrael
 30328 | Spider:2 | Gained mutation: You are completely covered in thin
                  | metallic scales. (AC +4, rElec) [demonic ancestry]
 30328 | Spider:2 | Reached XP level 16. HP: 77/122 MP: 28/28
 30629 | Spider:2 | Offered knowledge of Ozocubu's Refrigeration by Vehumet.
 32197 | Spider:3 | Reached skill level 5 in Air Magic
 32343 | Spider:3 | Offered knowledge of Eringya's Noxious Bog by Vehumet.
 32505 | Spider:3 | Reached skill level 10 in Dodging
 33264 | Spider:4 | Entered Level 4 of the Spider Nest
 33744 | Spider:4 | Noticed Arachne
 33754 | Spider:4 | Reached skill level 10 in Shields
 33757 | Spider:4 | Killed Arachne
 34003 | Spider:4 | Gained mutation: You regenerate health from kills. [demonic
                  | ancestry]
 34003 | Spider:4 | Reached XP level 17. HP: 128/128 MP: 29/29
 34605 | Spider:4 | Identified the +5 broad axe "Osaed" {venom, rElec Str-2
                  | Int+2 Dex+4}
 35394 | Swamp:1  | Entered Level 1 of the Swamp
 35978 | Swamp:1  | Identified the +0 pair of gloves of Somumnuuse {Will+}
 36463 | Swamp:1  | Got Nateeted's Atlas of Reanimation Made Easy
 37008 | Swamp:2  | Offered knowledge of Ignition by Vehumet.
 37278 | Swamp:2  | Found a runed translucent gate.
 37278 | Swamp:2  | Found a runed translucent gate.
 37278 | Swamp:2  | Found a runed translucent gate.
 37279 | Swamp:2  | Noticed Xavori's ghost (adept DjCK)
 37565 | Swamp:2  | Noticed Roxanne
 37936 | Swamp:3  | Noticed Bai Suzhen
 39194 | D:5      | Killed Duvessa
 39205 | D:5      | Killed Dowan
 39273 | D:6      | Killed OlivierBoivin's ghost
 39419 | Orc:2    | Reached skill level 5 in Alchemy
 39584 | Orc:2    | Found Veoseabbu's Antique Armour Shoppe.
 39638 | Orc:2    | Found a staircase to the Elven Halls.
 39872 | Orc:2    | Reached skill level 10 in Spellcasting
 40033 | Orc:2    | Found Jeydiqux's General Store.
 40147 | Orc:2    | Found Jesuxo Ceci's Antique Weapon Boutique.
 40155 | Orc:2    | Offered knowledge of Lehudib's Crystal Spear by Vehumet.
 40155 | Orc:2    | Offered knowledge of Chain Lightning by Vehumet.
 40155 | Orc:2    | Offered knowledge of Polar Vortex by Vehumet.
 40190 | Orc:2    | Found Wypp's Book Shoppe.
 40549 | Orc:2    | Bought a manual of Conjurations for 1280 gold pieces
 40581 | Orc:2    | Bought a polished ring mail for 279 gold pieces
 40581 | Orc:2    | Identified the +1 ring mail of the Cuttlefish {^Drain Fly
                  | rCorr Dex+4} (You bought it in a shop on level 2 of the
                  | Orcish Mines)
 40592 | Elf:1    | Entered Level 1 of the Elven Halls
 40597 | Elf:1    | Reached XP level 18. HP: 134/134 MP: 32/32
 41577 | Elf:1    | Paralysed by an air elemental for 1 turns
 42302 | Elf:2    | Found a runed translucent gate.
 42302 | Elf:2    | Found a runed translucent gate.
 42304 | Elf:2    | Found a runed translucent gate.
 42757 | Elf:3    | Entered Level 3 of the Elven Halls
 43486 | Elf:3    | Noticed an Ice Fiend
 43949 | Elf:3    | Identified the +1 leather armour "Haimn" {rF+ Dex+4}
 44136 | Elf:3    | Identified the amulet "Fazasodo" {Spirit rC+ Str+4}
 44154 | Elf:3    | Reached skill level 15 in Conjurations
 44496 | Elf:3    | Identified the +0 chain mail of Bielimil {rPois Regen+
                  | Str-5 Dex+4}
 44496 | Elf:3    | Identified the ring of Lumm {rPois rC++ Int+6}
 44505 | Elf:3    | Reached XP level 19. HP: 106/140 MP: 35/35
 44716 | Elf:3    | Identified the +1 shortbow of Friendship {elec, Int-5
                  | Dex+3}
 44719 | Elf:3    | Identified the death talisman of Midnight {SInv}
 44720 | Elf:3    | Identified the +0 robe of Sif Muna's Supremacy {Int+2
                  | Slay+3}
 44725 | Elf:3    | Identified the +1 dagger "Fumniphe" {protect, Dex+2}
 44728 | Elf:3    | Got the Catalogue of Exhalation
 44737 | Elf:3    | Identified the +1 pair of gloves "Wudyestri" {rElec rC-
                  | rCorr Slay-4}
 44745 | Elf:3    | Got the Parchment of the Evil Eye
 44826 | Elf:3    | Learned a level 7 spell: Orb of Destruction
 44940 | Orc:2    | Bought a glowing helmet for 232 gold pieces
 45673 | Spider:4 | Got a gossamer rune of Zot
 46026 | Swamp:2  | Killed Xavori's ghost
 46210 | Swamp:2  | Killed Roxanne
 46321 | Swamp:3  | Killed Bai Suzhen
 46598 | Swamp:4  | Entered Level 4 of the Swamp
 47169 | Swamp:4  | Noticed the 27-headed Lernaean hydra
 47451 | Swamp:4  | Killed the 27-headed Lernaean hydra
 47564 | Swamp:4  | Got a decaying rune of Zot
 47717 | Lair:3   | Killed PaiMei's ghost
 47873 | Lair:3   | Identified the +7 quarterstaff of Malum In Se {flame,
                  | +Blink rElec Will+}
 48101 | Vaults:1 | Entered Level 1 of the Vaults
 48193 | Vaults:1 | You fall into a shaft and drop 1 floor!
 48339 | Vaults:2 | Found Maupahunn's Weapon Shop.
 48546 | Vaults:2 | Gained mutation: Your hexes are more powerful. [demonic
                  | ancestry]
 48546 | Vaults:2 | Reached XP level 20. HP: 139/147 MP: 36/36
 49000 | Vaults:2 | Found a runed translucent gate.
 49000 | Vaults:2 | Found a runed translucent gate.
 49000 | Vaults:2 | Found a runed translucent gate.
 49000 | Vaults:2 | Noticed Anosyof's ghost (adept CeHu)
 49029 | Vaults:2 | Paralysed by a formless jellyfish for 1 turns
 49270 | Vaults:2 | Reached skill level 15 in Ice Magic
 50111 | Vaults:3 | Found Zutsam's Jewellery Shop.
 51459 | Vaults:3 | Found a staircase to the Crypt.
 51842 | Vaults:3 | Noticed Jory
 51848 | Vaults:3 | Killed Jory
 52753 | Vaults:4 | Reached XP level 21. HP: 153/153 MP: 37/37
 53047 | Vaults:4 | Found Rived's Book Shop.
 53373 | Vaults:4 | Gained mutation: You regenerate a lot of health from kills.
                  | [demonic ancestry]
 53373 | Vaults:4 | Reached XP level 22. HP: 159/159 MP: 38/38
 53374 | Vaults:4 | Reached XP level 23. HP: 165/165 MP: 39/39
 53383 | Vaults:4 | Identified a scroll of acquirement
 53384 | Vaults:4 | Acquired the +3 Elemental Staff {ele, rElec rF+ rC+ AC+3}
 53384 | Vaults:4 | Found the +3 Elemental Staff {ele, rElec rF+ rC+ AC+3}
 53450 | Vaults:4 | Noticed Mara
 53456 | Vaults:4 | Killed Mara
 54958 | Vaults:1 | Identified the +4 dagger of Pafopt {antimagic, rPois}
 55334 | Vaults:1 | Identified the +6 leather armour "Nunadgh" {rPois rF+ rC+++
                  | Str-2}
 55975 | D:2      | Bought the ring of the Scarab {Fire Will++} for 644 gold
                  | pieces
 56278 | Depths:1 | Entered Level 1 of the Depths
 56392 | Depths:1 | Found a gateway to Hell.
 56455 | Depths:1 | Found an ancient bone altar of Kikubaaqudgha.
 56591 | Depths:1 | Reached XP level 24. HP: 165/172 MP: 39/39
 56668 | Depths:1 | Gained mutation: You occasionally lose the ability to read
                  | scrolls when taking damage. [mutagenic glow]
 56681 | Depths:1 | Gained mutation: You are frail. (-10% HP) [mutagenic glow]
 56697 | Depths:1 | Gained mutation: You sometimes lose the ability to read
                  | scrolls when taking damage. [mutagenic glow]
 57195 | Swamp:1  | Lost mutation: You are frail. (-10% HP) [potion of
                  | mutation]
 57195 | Swamp:1  | Lost mutation: You sometimes lose the ability to read
                  | scrolls when taking damage. [potion of mutation]
 57195 | Swamp:1  | Lost mutation: You occasionally lose the ability to read
                  | scrolls when taking damage. [potion of mutation]
 57195 | Swamp:1  | Gained mutation: You are partially covered in large bone
                  | plates. (SH +4) [potion of mutation]
 57195 | Swamp:1  | Gained mutation: Your body sometimes deteriorates upon
                  | taking damage. [potion of mutation]
 57197 | Swamp:1  | Lost mutation: Your body sometimes deteriorates upon taking
                  | damage. [potion of mutation]
 57197 | Swamp:1  | Lost mutation: You are partially covered in large bone
                  | plates. (SH +4) [potion of mutation]
 57197 | Swamp:1  | Gained mutation: You sometimes lose your temper in combat.
                  | [potion of mutation]
 57197 | Swamp:1  | Gained mutation: You have a pair of small horns on your
                  | head. [potion of mutation]
 57197 | Swamp:1  | Gained mutation: You have a pair of horns on your head.
                  | [potion of mutation]
 57198 | Swamp:1  | Lost mutation: You have a pair of horns on your head.
                  | [potion of mutation]
 57198 | Swamp:1  | Lost mutation: You sometimes lose your temper in combat.
                  | [potion of mutation]
 57198 | Swamp:1  | Lost mutation: You have a pair of small horns on your head.
                  | [potion of mutation]
 57198 | Swamp:1  | Gained mutation: You do not regenerate when monsters are
                  | visible. [potion of mutation]
 57266 | Swamp:3  | Lost mutation: You do not regenerate when monsters are
                  | visible. [potion of mutation]
 57266 | Swamp:3  | Gained mutation: You are strong-willed. (Will+) [potion of
                  | mutation]
 57266 | Swamp:3  | Gained mutation: You occasionally lose the ability to drink
                  | potions when taking damage. [potion of mutation]
 57266 | Swamp:3  | Lost mutation: You occasionally lose the ability to drink
                  | potions when taking damage. [potion of mutation]
 57266 | Swamp:3  | Gained mutation: You possess an exceptional clarity of
                  | mind. [potion of mutation]
 58208 | Depths:2 | Noticed a juggernaut
 58270 | Depths:2 | Found a one-way gate leading to the halls of Pandemonium.
 58306 | Depths:2 | Killed a juggernaut
 58401 | Depths:2 | Found a transporter.
 58607 | Depths:3 | Found an iron altar of Okawaru.
 59022 | Depths:3 | Found Teet's Book Emporium.
 59022 | Depths:3 | Found Geha's Jewellery Shop.
 59023 | Depths:3 | Found Wanorgh's Jewellery Shop.
 59239 | Depths:3 | Found Zin's Purification Station.
 59246 | Depths:3 | Bought a potion of curing for 90 gold pieces
 59268 | Depths:3 | Found a one-way gate to the infinite horrors of the Abyss.
 59465 | Depths:3 | Identified the +11 quarterstaff "Yduann" {vamp, rN+}
 59795 | Depths:4 | Entered Level 4 of the Depths
 59933 | Depths:4 | Found a one-way gateway to a ziggurat.
 60035 | Depths:4 | Noticed a juggernaut
 60048 | Depths:4 | Killed a juggernaut
 60633 | Depths:4 | Gained mutation: Your melee attacks may debilitate your
                  | foes. [demonic ancestry]
 60633 | Depths:4 | Reached XP level 25. HP: 163/177 MP: 30/39
 60704 | Depths:4 | Found a gate to the Realm of Zot.
 60985 | Depths:4 | Learned a level 9 spell: Polar Vortex
 61436 | Slime:1  | Entered Level 1 of the Pits of Slime
 61512 | Slime:2  | Gained mutation: Your body sometimes deteriorates upon
                  | taking damage. [a shining eye]
 61519 | Slime:2  | Gained mutation: You are weak. (Str -2) [a shining eye]
 61522 | Slime:2  | Gained mutation: Your magical capacity is low. (-10% MP) [a
                  | shining eye]
 61523 | Slime:2  | Gained mutation: Your health recovers twice as slowly from
                  | being drained. [a shining eye]
 61526 | Slime:2  | Gained mutation: You are dopey. (Int -2) [mutagenic glow]
 61771 | Slime:2  | Gained mutation: You are frail. (-10% HP) [a shining eye]
 61987 | Slime:5  | Entered Level 5 of the Pits of Slime
 62152 | Slime:5  | Gained mutation: You occasionally lose the ability to drink
                  | potions when taking damage. [a shining eye]
 62347 | Slime:5  | Found a viscous altar of Jiyva.
 62349 | Slime:5  | Found the +5 Storm Queen's Shield {shock, Fly rElec}
 62364 | Slime:5  | Noticed the Royal Jelly
 62536 | Slime:5  | Killed the Royal Jelly
 63212 | Slime:5  | Lost mutation: You possess an exceptional clarity of mind.
                  | [mutagenic glow]
 63222 | Slime:5  | Lost strength.
 63400 | Slime:5  | Identified the +4 spear "Tewucu" {flame, rF+ rC- Dex+3}
 63419 | Slime:5  | Identified the +3 great mace "Alidapinn" {spect, rPois rN+
                  | rCorr}
 63451 | Slime:5  | Identified the +1 bardiche of Winter {venom, rElec rN+
                  | Int+3}
 63453 | Slime:5  | Identified the +9 spear of Xukac {speed, rF+ Dex+3}
 63455 | Slime:5  | Got a slimy rune of Zot
 63632 | Slime:5  | Lost mutation: Your health recovers twice as slowly from
                  | being drained. [potion of mutation]
 63632 | Slime:5  | Lost mutation: You are weak. (Str -2) [potion of mutation]
 63632 | Slime:5  | Gained mutation: You have large cloven feet. [potion of
                  | mutation]
 63632 | Slime:5  | Lost mutation: You are strong-willed. (Will+) [potion of
                  | mutation]
 63632 | Slime:5  | Gained mutation: Your spells are a little harder to cast,
                  | but a little more powerful. [potion of mutation]
 63632 | Slime:5  | Gained mutation: Your natural rate of healing is unusually
                  | fast. [potion of mutation]
 63850 | Spider:4 | Lost mutation: You occasionally lose the ability to drink
                  | potions when taking damage. [potion of mutation]
 63850 | Spider:4 | Lost mutation: You are frail. (-10% HP) [potion of
                  | mutation]
 63850 | Spider:4 | Lost mutation: Your natural rate of healing is unusually
                  | fast. [potion of mutation]
 63850 | Spider:4 | Gained mutation: You are robust. (+10% HP) [potion of
                  | mutation]
 63850 | Spider:4 | Gained mutation: You passively map a small area around you.
                  | [potion of mutation]
 63851 | Spider:4 | Lost mutation: Your spells are a little harder to cast, but
                  | a little more powerful. [potion of mutation]
 63851 | Spider:4 | Lost mutation: Your magical capacity is low. (-10% MP)
                  | [potion of mutation]
 63851 | Spider:4 | Lost mutation: You are robust. (+10% HP) [potion of
                  | mutation]
 63851 | Spider:4 | Gained mutation: Armour fits poorly on your strangely
                  | shaped body. [potion of mutation]
 64083 | Swamp:3  | Lost mutation: You have large cloven feet. [potion of
                  | mutation]
 64083 | Swamp:3  | Lost mutation: You passively map a small area around you.
                  | [potion of mutation]
 64083 | Swamp:3  | Gained mutation: You are clumsy. (Dex -2) [potion of
                  | mutation]
 64083 | Swamp:3  | Gained mutation: You are frail. (-10% HP) [potion of
                  | mutation]
 64326 | Elf:1    | Lost mutation: You are frail. (-10% HP) [potion of
                  | mutation]
 64326 | Elf:1    | Lost mutation: Armour fits poorly on your strangely shaped
                  | body. [potion of mutation]
 64326 | Elf:1    | Lost mutation: You are dopey. (Int -2) [potion of mutation]
 64326 | Elf:1    | Gained mutation: Your muscles are strong. (Str +4, Int/Dex
                  | -1) [potion of mutation]
 64326 | Elf:1    | Gained mutation: You have a pair of small horns on your
                  | head. [potion of mutation]
 64326 | Elf:1    | Gained mutation: Your movements are slightly less
                  | encumbered by armour. (ER -2) [potion of mutation]
 64447 | Elf:2    | Noticed Agnes
 64455 | Elf:2    | Killed Agnes
 65109 | Vaults:5 | Entered Level 5 of the Vaults
 65246 | Vaults:5 | Gained mutation: You are surrounded by an aura of silence.
                  | [demonic ancestry]
 65246 | Vaults:5 | Reached XP level 26. HP: 120/184 MP: 41/41
 65265 | Vaults:5 | Noticed a dread lich
 65268 | Vaults:5 | Paralysed by a dread lich for 4 turns
 65405 | Vaults:5 | Noticed a dread lich
 65418 | Vaults:5 | Killed a dread lich
 65689 | Vaults:5 | Identified the +3 battleaxe "Jeaw" {drain, Will+ SInv}
 65812 | Vaults:5 | Reached skill level 10 in Armour
 65846 | Vaults:5 | Reached skill level 15 in Spellcasting
 65895 | Vaults:5 | Killed a dread lich
 66050 | Vaults:5 | Identified the +0 scale mail of the Bright Alphagorgon
                  | {Str+3}
 66397 | Vaults:5 | Identified the +0 ring mail "Wada" {rElec rPois}
 66698 | Vaults:5 | Got a silver rune of Zot
 67214 | Zot:1    | Entered Level 1 of the Realm of Zot
 67580 | Zot:1    | Gained mutation: You are frail. (-10% HP) [mutagenic glow]
 67593 | Zot:1    | Gained mutation: Your body often deteriorates upon taking
                  | damage. [mutagenic glow]
 67612 | Zot:1    | Gained mutation: You are very clumsy. (Dex -4) [mutagenic
                  | glow]
 67803 | Zot:1    | Learned a level 7 spell: Ozocubu's Refrigeration
 68398 | Zot:2    | Reached XP level 27. HP: 63/171 MP: 43/43
 69037 | Zot:2    | Noticed Grunn
 69041 | Zot:2    | Killed Grunn
 69705 | Zot:2    | Found a burning altar of Makhleb.
 70348 | Zot:3    | Found a transporter.
 70694 | Zot:3    | Paralysed by a Zot trap for 4 turns
 71143 | Zot:3    | Found a transporter.
 71281 | Zot:4    | Reached skill level 27 in Ice Magic
 71613 | Zot:4    | Noticed Beclu's ghost (legendary GnSk)
 71613 | Zot:4    | Identified the +1 cloak "Erefaezi" {Rampage rC- Regen+
                  | Dex+4}
 71614 | Zot:4    | Found a bloodstained altar of Trog.
 71616 | Zot:4    | Identified the +0 cloak "Enluod" {rPois rC+ rCorr}
 71625 | Zot:4    | Found a transporter.
 71632 | Zot:4    | Found a transporter.
 72413 | Zot:5    | Entered Level 5 of the Realm of Zot
 72782 | Zot:5    | Noticed a dread lich
 72790 | Zot:5    | Killed a dread lich
 72912 | Zot:5    | Noticed a dread lich
 72912 | Zot:5    | Noticed an orb of fire
 72914 | Zot:5    | Gained mutation: You do not regenerate when monsters are
                  | visible. [an orb of fire]
 72915 | Zot:5    | Noticed an orb of fire
 72915 | Zot:5    | Noticed an orb of fire
 72916 | Zot:5    | Noticed a dread lich
 72919 | Zot:5    | Killed an orb of fire
 72920 | Zot:5    | Killed a dread lich
 72923 | Zot:5    | Killed an orb of fire
 72924 | Zot:5    | Killed an orb of fire
 72925 | Zot:5    | Noticed an orb of fire
 72931 | Zot:5    | Killed a dread lich
 72936 | Zot:5    | Killed an orb of fire
 72999 | Zot:5    | Noticed an orb of fire
 73001 | Zot:5    | Noticed an orb of fire
 73003 | Zot:5    | Noticed an ancient lich
 73010 | Zot:5    | Killed an orb of fire
 73012 | Zot:5    | Killed an orb of fire
 73027 | Zot:5    | Killed an ancient lich
 73586 | Hell     | Entered the Vestibule of Hell
 73586 | Hell     | Noticed Geryon
 73591 | Hell     | Killed Geryon
 73628 | Hell     | Noticed Murray
 73846 | Hell     | Killed Murray
 74020 | Hell     | Found a gateway to the Iron City of Dis.
 74159 | Hell     | Found a gateway to the ashen valley of Gehenna.
 74271 | Hell     | Found a gateway to the decaying netherworld of Tartarus.
 74310 | Hell     | Found a gateway to the freezing wastes of Cocytus.
 74762 | Vaults:5 | Lost mutation: You do not regenerate when monsters are
                  | visible. [potion of mutation]
 74762 | Vaults:5 | Lost mutation: You are frail. (-10% HP) [potion of
                  | mutation]
 74762 | Vaults:5 | Lost mutation: You are very clumsy. (Dex -4) [potion of
                  | mutation]
 74762 | Vaults:5 | Lost mutation: You are clumsy. (Dex -2) [potion of
                  | mutation]
 74873 | Crypt:1  | Entered Level 1 of the Crypt
 75133 | Crypt:1  | Found a shadowy altar of Dithmenos.
 75138 | Crypt:1  | Got Saqy's Volume of Collective Maleficent Words
 75316 | Crypt:1  | You fall into a shaft and drop 1 floor!
 75391 | Crypt:1  | Reached skill level 15 in Fighting
 76183 | Crypt:2  | Identified the +6 scale mail "Niedog" {*Slow rN+ Int+4}
 76619 | Crypt:3  | Entered Level 3 of the Crypt
 76924 | Crypt:3  | Found a basalt altar of Yredelemnul.
 77294 | Crypt:3  | Identified the staff of Wisdom {rN+ Necro Tloc}
 77294 | Crypt:3  | Identified the death talisman of Delu {rC+ Slay+2}
 77860 | Crypt:3  | Found a staircase to the Tomb.
 78800 | Tomb:1   | Entered Level 1 of the Tomb of the Ancients
 82880 | Pan      | Entered Pandemonium
 83025 | Pan      | Noticed Moyc the pandemonium lord
 83030 | Pan      | Reached skill level 15 in Dodging
 83033 | Pan      | Identified the +4 tower shield of Cepty {rCorr}
 83033 | Pan      | Noticed Mennas
 83035 | Pan      | Killed Moyc the pandemonium lord
 83037 | Pan      | Killed Mennas
 83038 | Pan      | Reached skill level 5 in Throwing
 83109 | Pan      | Gained mutation: You have hidden genetic defects. [a
                  | cacodemon]
 83177 | Pan      | Identified the +7 halberd "Demonspawn's Doom" {pain, rF-
                  | rC+ rCorr}
 83737 | Pan      | Noticed Dumn the pandemonium lord
 83753 | Pan      | Killed Dumn the pandemonium lord
 83778 | Pan      | Got a demonic rune of Zot
 83787 | Pan      | Lost mutation: Your body often deteriorates upon taking
                  | damage. [a cacodemon]
 84239 | Pan      | Noticed Yfystradu the pandemonium lord
 84279 | Pan      | Killed Yfystradu the pandemonium lord
 84289 | Pan      | Gained mutation: You occasionally lose the ability to drink
                  | potions when taking damage. [hidden defects]
 84964 | Pan      | Identified the +5 long sword of Past Mistakes {antimagic,
                  | rElec}
 85056 | Pan      | Noticed Jesipiapn the pandemonium lord
 85076 | Pan      | Killed Jesipiapn the pandemonium lord
 85406 | Pan      | Gained mutation: Your body often deteriorates upon taking
                  | damage. [hidden defects]
 85406 | Pan      | Lost mutation: You have hidden genetic defects. [hidden
                  | defects expressed]
 85603 | Pan      | Found a runed translucent door.
 85616 | Pan      | Reached skill level 10 in Throwing
 85619 | Pan      | Gained mutation: You are frail. (-10% HP) [a cacodemon]
 85966 | Pan      | Noticed Xoisk the pandemonium lord
 85979 | Pan      | Killed Xoisk the pandemonium lord
 86363 | Pan      | Gained mutation: You sometimes lose your temper in combat.
                  | [a cacodemon]
 86825 | Pan      | Noticed Bieph the pandemonium lord
 86854 | Pan      | Killed Bieph the pandemonium lord
 87459 | Depths:2 | Escaped Pandemonium
 87531 | Depths:3 | Voluntarily entered the Abyss.
 87669 | Abyss:2  | Found a corrupted altar of Lugonu.
 87842 | Abyss:3  | Found a corrupted altar of Lugonu.
 87907 | Abyss:3  | Found a corrupted altar of Lugonu.
 87977 | Abyss:3  | Found a corrupted altar of Lugonu.
 88177 | Abyss:3  | Noticed an ancient lich
 88187 | Abyss:3  | Killed an ancient lich
 88609 | Abyss:4  | Found a corrupted altar of Lugonu.
 88727 | Abyss:4  | Found a corrupted altar of Lugonu.
 88854 | Abyss:4  | Noticed a dread lich
 88864 | Abyss:4  | Killed a dread lich
 89039 | Depths:3 | Escaped the Abyss
 89041 | Depths:3 | Voluntarily entered the Abyss.
 89238 | Abyss:4  | Got an abyssal rune of Zot
 89265 | Abyss:4  | Found a corrupted altar of Lugonu.
 89298 | Depths:3 | Escaped the Abyss
 89436 | Pan      | Entered the realm of Mnoleg.
 89436 | Pan      | Entered Pandemonium
 89436 | Pan      | Found an exit through the horrors of the Abyss.
 89535 | Pan      | Gained mutation: Your spells are a little easier to cast,
                  | but a little less powerful. [a cacodemon]
 89585 | Pan      | Gained mutation: Armour fits poorly on your strangely
                  | shaped body. [a neqoxec]
 89587 | Pan      | Gained mutation: You occasionally lose the ability to read
                  | scrolls when taking damage. [a neqoxec]
 89630 | Pan      | Reached skill level 15 in Throwing
 89653 | Pan      | Noticed Mnoleg
 89679 | Pan      | Killed Mnoleg
 89729 | Pan      | Got a glowing rune of Zot
 90358 | Pan      | Lost mutation: Your movements are slightly less encumbered
                  | by armour. (ER -2) [potion of mutation]
 90358 | Pan      | Lost mutation: Your body often deteriorates upon taking
                  | damage. [potion of mutation]
 90358 | Pan      | Lost mutation: Armour fits poorly on your strangely shaped
                  | body. [potion of mutation]
 90358 | Pan      | Gained mutation: Your muscles are very strong. (Str +8,
                  | Int/Dex -2) [potion of mutation]
 90358 | Pan      | Lost mutation: Your spells are a little easier to cast, but
                  | a little less powerful. [potion of mutation]
 90465 | Pan      | Lost mutation: You have a pair of small horns on your head.
                  | [potion of mutation]
 90465 | Pan      | Lost mutation: You are frail. (-10% HP) [potion of
                  | mutation]
 90465 | Pan      | Lost mutation: You occasionally lose the ability to read
                  | scrolls when taking damage. [potion of mutation]
 90465 | Pan      | Gained mutation: You occasionally lose the ability to read
                  | scrolls when taking damage. [potion of mutation]
 90465 | Pan      | Lost mutation: You sometimes lose your temper in combat.
                  | [potion of mutation]
 90465 | Pan      | Gained mutation: Your natural rate of healing is unusually
                  | fast. [potion of mutation]
 90465 | Pan      | Gained mutation: Your system is resistant to poisons.
                  | (rPois) [potion of mutation]
 90580 | Pan      | Noticed Natial the pandemonium lord
 90593 | Pan      | Killed Natial the pandemonium lord
 91570 | Pan      | Noticed Puucuhao the pandemonium lord
 91578 | Pan      | Killed Puucuhao the pandemonium lord
 92056 | Pan      | Noticed Hoeteino the pandemonium lord
 92058 | Pan      | Found an exit through the horrors of the Abyss.
 92066 | Pan      | Killed Hoeteino the pandemonium lord
 92155 | Pan      | Lost mutation: Your body sometimes deteriorates upon taking
                  | damage. [potion of mutation]
 92155 | Pan      | Lost mutation: Your system is resistant to poisons. (rPois)
                  | [potion of mutation]
 92155 | Pan      | Gained mutation: Your mind is acute. (Int +4, Str/Dex -1)
                  | [potion of mutation]
 92155 | Pan      | Gained mutation: You are resistant to electric shocks.
                  | (rElec) [potion of mutation]
 92736 | Depths:3 | Escaped Pandemonium
 92740 | Pan      | Entered the realm of Gloorx Vloq.
 92740 | Pan      | Entered Pandemonium
 92834 | Pan      | Reached skill level 27 in Shields
 92872 | Pan      | Noticed Gloorx Vloq
 93048 | Pan      | Found an exit through the horrors of the Abyss.
 93626 | Pan      | HP: 2/346 [hellephant skeleton (17)]
 93626 | Pan      | Killed from afar by Gloorx Vloq

Illustrated notes

Levels and vault maps discovered:
D:1:      onia_arrival_handbag, layout_loops_ring,
          shapermc_ecumenical_altar_mp_vishouse
D:2:      minmay_angry_zag, layout_loops_ring, serial_shops,
          nicolae_shop_gaudy_bauble
D:3:      layout_loops_cross, hangedman_ru_absence, bloody_makhleb,
          nicolae_uskayaw_suspiria, serial_rivers,
          chequers_serial_rivers_micro_e, chequers_serial_rivers_room_b,
          chequers_serial_rivers_large_a, chequers_serial_rivers_room_b,
          minmay_misc_feat_iff, minmay_fractal_squares_gapless_5
D:4:      layout_loops_ring
D:5:      layout_loops_ring, minmay_temple_entry_butterflies,
          kennysheep_cross_room, uniq_duvessa
D:6:      corexii_shantytown, layout_cave_pools, mainiacjoe_overflow_paths,
          gammafunk_temple_overflow_elements, ebering_ghost_sewer_d,
          kennysheep_generic_room_11, uniq_jeremiah, uniq_maggie
D:7:      layout_loops_ring, mainiacjoe_overflow_small_starburst,
          mainiacjoe_overflow_catwalk, chequers_serial_rivers_marsh
D:8:      layout_basic, nicolae_blasting_shop, minmay_parallelograms,
          minivault_19, serial_library_hellmonk_statue_hall
D:9:      minmay_evil_eye, layout_loops_ring,
          nicolae_gozag_cash_rules_everything_around_me,
          nicolae_tso_swordbearing_angel, dpeg_oklobed_lair,
          minmay_orc_entry_temple_small, serial_glass, glass_columns_a,
          glass_columns_b, minivault_11, st_stairs_7, nicolae_zig_zag_zippers
D:10:     layout_stronghold, fedhas_altar_1, mainiacjoe_overflow_tiny_flanked
D:11:     layout_loops_ring, portal_ice_cave_rime,
          chequers_serial_rivers_micro_d, statue_in_the_mist_lemuel
D:12:     layout_rooms, regret_index_xom_buried_treasure, uniq_erolcha
D:13:     layout_roguey, uniq_snorg
D:14:     layout_small_grid, david_vaults_4, serial_shops,
          nicolae_shop_peninsula, kennysheep_boxes, drop_trap, uniq_jorgrun
D:15:     gammafunk_enter_depths_forms, layout_stronghold,
          nemelex_diamond_rough_becter
Temple:   nicolae_temple_ecumenical_triangle
Lair:1:   layout_long_grid, infiniplex_staircase_pool_2
Lair:2:   layout_cave_pods, mainiacjoe_swamp_entry_lozenge_pond
Lair:3:   layout_hall_layers, hellmonk_spider_entry_life_and_decay,
          gauntlet_entry_generic, ebering_ghost_rock_garden, lemuel_fruit_tree
Lair:4:   layout_cave_pods, slime_entry_1, grunt_megastairs_2,
          serial_bayou_shore_a
Lair:5:   grunt_lair_end_beastmaster, layout_small_grid,
          nicolae_volcano_entry_vermiform, st_stairs_13,
          cheibrodos_lair_lostbears, infiniplex_staircase_pool
Swamp:1:  layout_basic_swamp, nicolae_swamp_oxbows, swamp_pool_1_2,
          nicolae_swamp_necromancy_gone_wrong
Swamp:2:  nicolae_swamp_husk_halls, layout_falls_marsh,
          ebering_ghost_rock_garden, nicolae_swamp_long_stream, uniq_roxanne
Swamp:3:  layout_basic_swamp, serial_swamp_ruin, evilmike_swamp_ruin_house_5,
          evilmike_swamp_ruin_house_4, evilmike_swamp_ruin_wall, swamp_pool_3,
          uniq_bai_suzhen
Swamp:4:  grunt_swamp_rune_castle, layout_basic_swamp, swamp_pool_5
Spider:1: layout_chambers, hangedman_spider_tarantella_strand
Spider:2: layout_spider_delve, drop_trap, beargit_elvish_explorers, uniq_azrael
Spider:3: layout_spider_delve, nicolae_spider_undead_wolf_pack
Spider:4: hellmonk_spider_rune_endless_swarm, nicolae_arachne_temple
Slime:1:  layout_caves
Slime:2:  layout_caves
Slime:3:  layout_caves
Slime:4:  layout_caves, nicolae_slime_rock_hall_of_fame, uniq_dissolution
Slime:5:  slime_pit
Orc:1:    layout_diamond_mine
Orc:2:    grunt_orc_gardens, layout_caves, grunt_orc_garden, grunt_orc_garden,
          grunt_orc_garden, grunt_orc_garden, basic_altar
Elf:1:    layout_loops_corners, hangedman_elven_crosses_minicolossus
Elf:2:    nicolae_elf_blades_splatter_lattice [nicolae_blade_lattice],
          layout_geoelf_diagonals, nicolae_elevator_lobby_plus, uniq_agnes
Elf:3:    minmay_elf_hall_statues, layout_geoelf_grid
Vaults:1: hangedman_vaults_nodes, v_rooms_3, vaults_mumra_lcd, v_misc_22,
          nicolae_vaults_mitosis, vaults_mumra_chevron_long,
          ontoclasm_vaults_twist, nicolae_vaults_trapezoid_lopsided_3,
          nicolae_vaults_diffraction_hallways, nicolae_vaults_double_plus_2,
          ontoclasm_vaults_eye, v_misc_4, nicolae_vaults_circle_grid_b,
          vaults_room_door_ring, nicolae_vaults_closet_pinwheel_2,
          layout_vaults_big_cross
Vaults:2: ebering_ghost_rock_garden, vaults_room_ringed_pool,
          nicolae_vaults_wine_cellar, nicolae_vaults_taking_the_gang_shopping,
          nicolae_vaults_triangles, nicolae_vaults_offset_grid_hallway_4,
          nicolae_vaults_tetromino_T_2, v_misc_11, hangedman_vaults_variations,
          nicolae_vaults_trapezoid_4, nicolae_vaults_apartment_1, v_misc_15,
          dpeg_vaults_monster_box, nicolae_vaults_little_squares_2,
          layout_vaults_ring
Vaults:3: v_misc_29, hangedman_vaults_maws, nicolae_vaults_network_star,
          serial_library_regret_index_headful, v_pattern_4, grunt_vaults_twisty,
          grunt_vaults_focal, nicolae_vaults_heist,
          nicolae_vaults_offset_grid_hallway_4, nicolae_vaults_trapezoid_2,
          hangedman_vaults_stretched_pinwheel, nicolae_vaults_trapezoid_4,
          layout_vaults_omnibox, minmay_crypt_entry_nasty_monster, serial_shops,
          shop, uniq_jory
Vaults:4: nicolae_vaults_storage_room_water, nicolae_vaults_storage_closets_1,
          nicolae_vaults_closet_pinwheel_1, hangedman_vaults_nails,
          nicolae_vaults_trapezoid_2, nicolae_vaults_quartermaster,
          nicolae_vaults_network_quincunx
          [nicolae_vaults_network_quincunx_subvault,
          nicolae_vaults_network_quincunx_subvault,
          nicolae_vaults_network_quincunx_subvault,
          nicolae_vaults_network_quincunx_subvault,
          nicolae_vaults_network_quincunx_subvault],
          serial_library_hellmonk_open_square, v_rooms_6, vaults_mumra_hex,
          grunt_vaults_diagonal, nicolae_vaults_tetromino_T_1,
          layout_vaults_maze_snakey, serial_shops, shop, uniq_mara
Vaults:5: serial_shops
Crypt:1:  layout_misc_corridors, nicolae_nh_vlads_tower
Crypt:2:  layout_regular_city, nicolae_crypt_tucked_away
Crypt:3:  evilmike_haunted_forest
Tomb:1
Depths:1: layout_basic, hell_entry, small_chamber_with_monster,
          serial_bayou_pond_d, kiku_gazebo_pond_becter
Depths:2: gammafunk_jiyva_shrine, layout_cross, hell_entry, pan_entry
Depths:3: evilmike_iron_armoury, layout_cave_shapes,
          hangedman_abyss_entry_splay, pf_hell_entry_great_geh,
          grunt_pan_entry_zigzag, zin_purify, minmay_shop_grove
Depths:4: grunt_zot_entry_alcove, layout_cave_pools, enter_ziggurat_f,
          pf_coc_iceberg, abyss_entry_crystal, minmay_misc_feat_five
Hell
Zot:1:    kennysheep_bubbly, layout_misc_corridors, grunt_ministairs_12
Zot:2:    hangedman_snap_crack_crunch, layout_cathedral_of_symmetry,
          regret_index_zotdec_icy_dp, grunt_ministairs_2, uniq_grunn
Zot:3:    gammafunk_dig_for_victory, layout_misc_corridors
Zot:4:    kennysheep_spiral_hall, layout_cellular_growth,
          gammafunk_ghost_wrathful_warriors, lemuel_elevator
Zot:5:    layout_twisted_circle
Pan:      evilmike_mini_pan_diamond, layout_pan_divisions_a
          [pan_division_quadrant_a3, pan_division_quadrant_a6,
          pan_division_quadrant_a6, pan_division_quadrant_a4,
          pan_division_octagon_divided], uniq_mennas_pan,
          evilmike_mini_pan_diamond, layout_pan_divisions_a
          [pan_division_quadrant_a4, pan_division_quadrant_a6,
          pan_division_quadrant_a6, pan_division_quadrant_a1,
          pan_division_octagon_rings], evilmike_mini_pan_branches,
          layout_gridlike, nicolae_pan_gloorx_vloqian_4, grunt_pan_zigzag,
          layout_rooms, pan_blood_fountain_small, rand_demon_9,
          layout_cellular_growth, evilmike_mini_pan_possible_glass,
          layout_grid_shapes, mnoleg_st, layout_long_grid,
          nicolae_pan_strange_glyphs [nicolae_pan_strange_glyph_regret,
          nicolae_pan_strange_glyph_spite, nicolae_pan_strange_glyph_acedia,
          nicolae_pan_strange_glyph_melancholia], evilmike_mini_pan_3x3,
          layout_irregular_city, nicolae_pan_cerebovesque_1,
          evilmike_mini_pan_diamond, layout_irregular_city, rand_demon_2,
          layout_small_grid, gloorx_vloq_grunt_torture_chamber, layout_chambers

Skill      XL: |  1  2  3  4  5  6  7  8  9 10 11 12 13 14 15 16 17 18 19 20 21 22 23 24 25 26 27 |
---------------+----------------------------------------------------------------------------------+-----
Dodging        | 2 3 4 7 8 10 12 18 | 18.0
Stealth        | 2 3 4 |  4.0
Spellcasting   | 3 4 5 8 10 12 14 16 17 | 17.0
Fighting       | 1 2 5 10 22 | 22.0
Alchemy        | 2 3 5 |  5.0
Short Blades   | 1 3 |  3.0
Conjurations   | 6 8 10 15 18 | 18.0
Maces & Flails | 4 7 9 12 14 16 | 16.0
Evocations     | 2 3 |  3.0
Armour         | 3 6 7 9 10 | 10.0
Throwing       | 2 16 | 16.0
Ice Magic      | 4 12 14 17 18 19 20 22 24 27 | 27.0
Translocations | 2 3 4 |  4.0
Shields        | 5 10 12 13 16 17 18 21 27 | 27.0
Air Magic      | 2 5 |  5.0

Action                     |  1- 3 |  4- 6 |  7- 9 | 10-12 | 13-15 | 16-18 | 19-21 | 22-24 | 25-27 || total
---------------------------+-------+-------+-------+-------+-------+-------+-------+-------+-------++-------
  Melee: Unarmed           |    12 |       |       |       |       |       |    24 |       |       ||    36
         Touch             |     4 |     6 |    24 |    47 |   155 |       |       |       |       ||   236
         Short sword       |    10 |    37 |    26 |       |       |       |       |       |       ||    73
         Punch             |       |     1 |     2 |     4 |     6 |       |       |       |       ||    13
         Morningstar       |       |       |   118 |   264 |   888 |   797 |   861 |   773 |  2111 ||  5812
         Staff             |       |       |       |       |     6 |       |       |       |       ||     6
         Headbutt          |       |       |       |       |       |       |       |       |   687 ||   687
  Throw: Boomerang         |       |       |       |     5 |       |       |       |       |       ||     5
         Dart              |       |       |       |     1 |     2 |       |       |       |       ||     3
   Cast: Magic Dart        |   102 |    70 |   162 |    70 |   118 |       |       |       |       ||   522
         Searing Ray       |     3 |    12 |     9 |     8 |     2 |     4 |       |       |       ||    38
         Fulminant Prism   |       |       |    15 |    39 |    53 |    73 |     9 |     1 |     3 ||   193
         Dazzling Flash    |       |       |       |     1 |       |     2 |       |     1 |       ||     4
         Irradiate         |       |       |       |       |    16 |    36 |    37 |    27 |    37 ||   153
         Iskenderun's Myst |       |       |       |       |    12 |    16 |       |     1 |    10 ||    39
         Freezing Cloud    |       |       |       |       |    78 |   293 |   136 |   141 |    28 ||   676
         Ozocubu's Armour  |       |       |       |       |     2 |    37 |    25 |    18 |     2 ||    84
         Blink             |       |       |       |       |       |     2 |       |     1 |     1 ||     4
         Orb of Destructio |       |       |       |       |       |       |    68 |    55 |    69 ||   192
         Polar Vortex      |       |       |       |       |       |       |       |       |   636 ||   636
         Ozocubu's Refrige |       |       |       |       |       |       |       |       |   214 ||   214
  Evoke: Wand              |       |       |    10 |    11 |     2 |    14 |     1 |     1 |    10 ||    49
         Phantom mirror    |       |       |       |     2 |     2 |     3 |     1 |       |     1 ||     9
         Phial of floods   |       |       |       |       |     3 |     1 |       |       |     2 ||     6
         Tin of tremorston |       |       |       |       |     2 |       |       |       |     1 ||     3
         Box of beasts     |       |       |       |       |       |     1 |       |       |       ||     1
    Use: Scroll            |       |    11 |     6 |     4 |    11 |     6 |       |     2 |     9 ||    49
         Potion            |       |       |     2 |     3 |       |     5 |     1 |     6 |    22 ||    39
   Stab: Sleeping          |       |     1 |       |     2 |     7 |     2 |     5 |     3 |     1 ||    21
         Held in net/web   |       |       |       |       |       |     1 |       |       |       ||     1
         Paralysed         |       |       |       |       |       |     3 |       |       |       ||     3
         Invisible         |       |       |       |       |       |     1 |       |       |       ||     1
         Distracted        |       |       |       |       |       |     1 |     1 |     2 |     1 ||     5
         Confused          |       |       |       |       |       |       |     1 |       |       ||     1
 Armour: Robe              |    16 |    53 |    51 |       |       |       |       |       |       ||   120
         Swamp dragon scal |       |       |   100 |   223 |   547 |   728 |     2 |       |       ||  1600
         Animal skin       |       |       |       |       |       |       |   515 |   501 |  1030 ||  2046
         Skin              |       |       |       |       |       |       |     7 |       |   138 ||   145
  Dodge: Dodged            |    23 |    46 |   159 |   162 |   526 |   526 |   433 |   295 |   942 ||  3112
  Block: Buckler           |       |       |       |       |    42 |   297 |       |       |       ||   339
         Tower shield      |       |       |       |       |       |       |  1005 |  1017 |  3074 ||  5096
